 Dungeon Crawl Stone Soup version 0.30-a0-760-g5a9884bb7c (webtiles) character file.

Game seed: 17632867604999758015

89128 Querens the Imperceptible (level 15, -4/63 HPs)
             Began as a Spriggan Enchanter on Feb 11, 2023.
             Was the Champion of Wu Jian.
             Slain by a spark wasp (17 damage)
             ... on level 2 of the Spider Nest.
             The game lasted 01:43:46 (15702 turns).

Querens the Imperceptible (Spriggan Enchanter)     Turns: 15702, Time: 01:43:46

Health: -4/63      AC:  8    Str:  4    XL:     15   Next: 48%
Magic:  33/33      EV: 43    Int: 24    God:    Wu Jian [******]
Gold:   838        SH:  7    Dex: 22    Spells: 27/40 levels left

rFire   . . .      SeeInvis +    h - +2 dagger (vamp)
rCold   + . .      Faith    .    P - +1 buckler
rNeg    . . .      Spirit   .    Z - +2 troll leather armour
rPois   .          Reflect  .    (helmet restricted)
rElec   .          Harm     .    I - +1 cloak {Stlth+}
rCorr   .          Rampage  .    (gloves unavailable)
Will    ++...                    (boots unavailable)
Stlth   ++++                     (no amulet)
HPRegen 1.10/turn                t - ring of protection from cold
MPRegen 0.23/turn                w - +6 ring of intelligence

@: wereblooded, in a heavenly storm, glowing, studying Shields, very quick
A: very small, no large weapons, unfitting armour, see invisible, speed 3
a: Renounce Religion, Wall Jump, Serpent's Lash, Heavenly Storm


You were on level 2 of the Spider Nest.
You worshipped Wu Jian.
Wu Jian was exalted by your worship.
You visited 4 branches of the dungeon, and saw 20 of its levels.
You also visited: Sewer.

You collected 2392 gold pieces.
You spent 1554 gold pieces at shops.

Inventory:

Hand Weapons
 h - a +2 vampiric dagger (weapon)
 k - a +1 dagger of draining
 n - the +8 autumn katana {manifold assault}
   (You found it on level 5 of the Lair of Beasts)

   Manifold Assault: It sometimes launches melee attacks against multiple
   visible enemies.
 r - a +1 dagger of venom
 H - a +3 short sword
Missiles
 K - 12 curare-tipped darts (quivered)
 Q - 3 throwing nets
Armour
 m - a +2 robe of resistance
 B - +0 steam dragon scales
 I - a +1 cloak of stealth (worn)
 P - a +1 buckler (worn)
 Z - a +2 troll leather armour (worn)
Jewellery
 t - a ring of protection from cold (left hand)
 w - a +6 ring of intelligence (right hand)
 G - a ring of protection from fire
 M - a ring of poison resistance
 V - a ring of willpower
Wands
 g - a wand of polymorph (5)
 u - a wand of charming (16)
 x - a wand of flame (41)
 F - a wand of roots (7)
 R - a wand of light (9)
 U - a wand of mindburst (2)
 W - a wand of digging (8)
Scrolls
 e - 2 scrolls of identify
 f - 4 scrolls of amnesia
 i - 2 scrolls of silence
 j - 3 scrolls of teleportation
 l - 4 scrolls of poison
 p - a scroll of fear
 s - 4 scrolls of immolation
 z - 2 scrolls of fog
 C - 2 scrolls of brand weapon
 J - 2 scrolls of enchant weapon
 N - 9 scrolls of magic mapping
 T - a scroll of summoning
Potions
 a - 5 potions of might
 b - 2 potions of berserk rage
 c - 4 potions of invisibility
 d - 2 potions of resistance
 o - 4 potions of cancellation
 q - 2 potions of mutation
 v - 4 potions of brilliance
 A - 2 potions of magic
 D - 5 potions of lignification
 E - a potion of ambrosia
 L - 2 potions of attraction
Miscellaneous
 O - a box of beasts
 X - a phantom mirror
 Y - a tin of tremorstones (2/2)


   Skills:
 - Level 13.5 Short Blades
 - Level 15.1 Dodging
 * Level 21.8 Stealth
 - Level 5.0 Shields
 - Level 13.0 Spellcasting
 - Level 13.2 Hexes
 + Level 8.7 Transmutations


You had 27 spell levels left.
You knew the following spells:

 Your Spells              Type           Power      Damage    Failure   Level
a - Ensorcelled Hibernat  Hex/Ice        94%        N/A       1%          2
b - Confusing Touch       Hex            68%        N/A       1%          3
c - Dazzling Flash        Conj/Hex       94%        N/A       2%          3
d - Tukima's Dance        Hex            68%        N/A       1%          3
e - Wereblood             Tmut           55%        N/A       1%          2

Your spell library contained the following spells:

 Spells                   Type           Power      Damage    Failure   Level
 Portal Projectile        Hex/Tloc       94%        N/A       2%          3
 Passwall                 Tmut/Erth      30%        N/A       3%          2
 Yara's Violent Unravell  Hex/Tmut       31%        3d13      4%          5
 Spider Form              Tmut/Pois      36%        N/A       7%          3
 Anguish                  Hex/Necr       23%        N/A       9%          4
 Leda's Liquefaction      Hex/Erth       23%        N/A       9%          4
 Apportation              Tloc           30%        N/A       13%         1
 Kiss of Death            Conj/Necr      60%        2d10      13%         1
 Magic Dart               Conj           60%        1d6       13%         1
 Necrotise                Necr           60%        1d7       13%         1
 Shock                    Conj/Air       60%        1d6       13%         1
 Summon Small Mammal      Summ           60%        N/A       13%         1
 Call Imp                 Summ           15%        N/A       21%         2
 Sublimation of Blood     Necr           15%        N/A       21%         2
 Call Canine Familiar     Summ           15%        N/A       36%         3
 Mephitic Cloud           Conj/Pois/Air  15%        N/A       36%         3
 Swiftness                Air            15%        N/A       36%         3
 Alistair's Intoxication  Tmut/Pois      24%        N/A       52%         5
 Airstrike                Air            7%         2d(2-18)  78%         4
 Dispel Undead            Necr           15%        3d10      78%         4
 Passage of Golubria      Tloc           15%        N/A       78%         4
 Freezing Cloud           Conj/Ice/Air   7%         6-21      98%         5
 Simulacrum               Ice/Necr       7%         N/A       100%        6
 Summon Hydra             Summ           7%         N/A       100%        7
 Polar Vortex             Ice            7%         N/A       100%        9


Dungeon Overview and Level Annotations

Branches:
Dungeon (11/15)            Temple (0/1) D:6            Lair (5/5) D:10
  Swamp (0/4) Lair:3       Spider (1/4) Lair:3        Slime (0/5) Lair:4
    Orc (2/2) D:9             Elf (0/3) Orc:2         Sewer (visited)

Altars:
Ashenzari
Cheibriados
Fedhas
Gozag
Makhleb
Nemelex Xobeh
Okawaru
Sif Muna
Trog
Wu Jian
Yredelemnul
Jiyva

Shops:
D:8 (   D:10 *   Orc:1 (   Orc:2 :[**

Portals:
Pandemonium: Orc:2
Ice
Cave: Spider:2

Annotations:
Lair:5 Asuyniq's ghost, journeyman OpFE; Vorghiugo's ghost, journeyman OpAr
Spider:1 Jorgrun


Innate Abilities, Weirdness & Mutations

You are very small and have problems with some larger weapons.
You are too small for most types of armour.
You have supernaturally acute eyesight. (SInv)
You cover ground extremely quickly. (Speed+++)


Message History

The spark wasp is severely wounded.
The boulder beetle completely misses you.
The spark wasp completely misses you.
You spin and attack the spark wasp.
You puncture the spark wasp!
The spark wasp is almost dead.
You spin and attack the boulder beetle.
You hit the boulder beetle but do no damage.
The boulder beetle is heavily wounded.
The spark wasp completely misses you. You block the boulder beetle's attack.
You spin and attack the boulder beetle.
You hit the boulder beetle but do no damage.
The boulder beetle is heavily wounded.
You spin and attack the boulder beetle.
You hit the boulder beetle.
The boulder beetle is heavily wounded.
You block the boulder beetle's attack.
You spin and attack the boulder beetle.
You hit the boulder beetle.
The boulder beetle is heavily wounded.
You howl as the wereblood boils in your veins!
You spin and attack the boulder beetle.
You hit the boulder beetle but do no damage.
The boulder beetle is heavily wounded.
The boulder beetle bites you!
You spin and attack the boulder beetle.
You hit the boulder beetle but do no damage.
The boulder beetle is heavily wounded.
The boulder beetle bites you!!
You spin and attack the boulder beetle.
You hit the boulder beetle but do no damage.
The boulder beetle is heavily wounded.
The spark wasp misses you.
You spin and attack the spark wasp.
You puncture the spark wasp!
The spark wasp is almost dead.
You spin and attack the boulder beetle.
You hit the boulder beetle but do no damage.
The boulder beetle is heavily wounded.
You howl as the wereblood boils in your veins!
The spark wasp stings you!!
* * * LOW HITPOINT WARNING * * *
The spark wasp shocks you!
You die...

.........##..^.....§§§§§§☼§
....##....#........☼☼☼###§§
......<............§§§#^☼☼§
..................§§☼☼##§☼☼
.......§§§§☼☼.....§☼☼§☼.☼☼§
......☼☼☼§§§§..#☼#........☼
#...☼☼§§§§§§.###........^
###.§☼☼B§§§§## ##........
##§§§y@§§§# #....#...
###☼☼§☼§§§§.# #.#..####
#^.§§§☼§§§....# ## ##
#......☼§☼§§.....# #.
.........§s.....## #.
................./ #.
#..............#... #[
#..#..........##..# ##
####..........# ## #


You could see a boulder beetle and a spark wasp.

Vanquished Creatures
  2 emperor scorpions (Spider:1)
  An orc warlord (Orc:1)
  The ghost of Qihymot the Severer, a journeyman MiFi of Okawaru (Lair:5)
  The ghost of Qihymot the Severer, a journeyman MiFi of Okawaru (Lair:5)
  A spark wasp (Spider:1)
  An entropy weaver (Spider:1)
  6 hydras
  3 catoblepae
  A radroach (Spider:1)
  2 demonspawn (Orc:2)
  An alligator (Lair:5)
  A two-headed ogre (D:9)
  A deep troll shaman (Lair:5)
  5 orc high priests (Orc:2)
  2 boulder beetles (Lair:5)
  11 death yaks
  Urug (Orc:1)
  Sonja (Lair:3)
  Nergalle (Lair:2)
  A sixfirhy (Orc:2)
  3 pharaoh ants
  A fire crab (Lair:4)
  2 skysharks
  An orb spider (Spider:1)
  2 steelbarb worms
  3 lindwurms
  3 wolf spiders
  4 orc knights (Orc:2)
  9 orc sorcerers
  21 elephants
  A moth of wrath (Spider:1)
  6 black mambas
  2 demonic crawlers (Spider:1)
  2 torpor snails
  An orange demon (Orc:2)
  10 cane toads
  2 rime drakes
  6 komodo dragons
  A kobold demonologist (D:9)
  A hellwing (Orc:2)
  3 polar bears
  10 tarantellas
  2 hornets
  4 trolls
  23 blink frogs
  9 dream sheep
  6 jumping spiders
  A culicivora (Lair:3)
  A shadow (D:9)
  17 yaks
  A ynoxinul (Orc:2)
  A wyvern (Lair:1)
  2 basilisks (Lair:2)
  A chaos spawn (Orc:2)
  5 steam dragons
  21 redbacks
  3 wargs (Orc:1)
  12 water moccasins
  2 acid dragons
  39 orc warriors
  8 black bears
  10 ogres
  2 ice beasts
  34 wolves
  2 centaurs (D:10)
  3 phantoms
  11 kobold brigands (D:9)
  21 bullfrogs
  7 gnoll sergeants
  4 scorpions
  3 wights (D:7)
  10 killer bees
  An electric eel (Lair:1)
  4 howler monkeys (D:7)
  11 hounds
  4 gnoll boudas
  21 orc priests
  5 jellies
  4 iguanas
  20 orc wizards
  39 gnolls
  7 adders
  A river rat (D:6)
  A shadow imp (D:7)
  2 white imps
  An ufetubus (D:7)
  2 worms
  3 dart slugs
  79 orcs
  5 ball pythons
  4 endoplasms
  6 giant cockroaches
  5 goblins
  7 hobgoblins
  14 jackals
  23 kobolds
  6 quokkas
  8 bats
  4 frilled lizards
  5 rats
695 creatures vanquished.

Vanquished Creatures (collateral kills)
  An orc knight (Orc:1)
1 creature vanquished.

Vanquished Creatures (others)
  A yak (Lair:5)
  2 dancing weapons
  An orc priest (Orc:2)
  An orc (D:6)
  A bush (Lair:5)
  32 fungi
  42 plants
80 creatures vanquished.

Grand Total: 776 creatures vanquished

Notes
Turn   | Place    | Note
-------+----------+-------------------------------------------
     0 | D:1      | Querens the Spriggan Enchanter began the quest for the Orb.
     0 | D:1      | Reached XP level 1. HP: 9/9 MP: 5/5
   178 | D:1      | Reached XP level 2. HP: 11/13 MP: 6/6
   192 | D:1      | Learned a level 2 spell: Ensorcelled Hibernation
   665 | D:1      | Reached XP level 3. HP: 12/16 MP: 8/8
   908 | D:2      | Reached XP level 4. HP: 17/18 MP: 2/10
  1429 | D:3      | Found a bloodstained altar of Trog.
  1571 | D:3      | Reached XP level 5. HP: 24/24 MP: 11/11
  1692 | D:3      | Found a snail-covered altar of Cheibriados.
  1748 | D:3      | Found a basalt altar of Yredelemnul.
  1823 | D:3      | Found an opulent altar of Gozag.
  1846 | D:4      | Noticed a black bear
  1850 | D:4      | Killed a black bear
  1851 | D:4      | Reached skill level 5 in Hexes
  1907 | D:4      | Found a sparkling altar of Nemelex Xobeh.
  1913 | D:4      | Reached XP level 6. HP: 28/28 MP: 6/13
  2046 | D:4      | Learned a level 3 spell: Confusing Touch
  2210 | D:4      | Reached skill level 5 in Dodging
  2304 | D:4      | Reached skill level 5 in Spellcasting
  2309 | D:4      | Reached XP level 7. HP: 32/32 MP: 10/15
  2623 | D:5      | Entered Level 5 of the Dungeon
  2783 | D:5      | Found an iron altar of Okawaru.
  2896 | D:5      | Reached skill level 5 in Short Blades
  2925 | D:5      | Found a burning altar of Makhleb.
  3060 | D:5      | Reached XP level 8. HP: 36/36 MP: 7/18
  3140 | D:5      | Identified the +0 long sword of Joyful Slaughter {heavy,
                  | Str+3 Stlth+}
  3232 | D:5      | Found an ornate altar of the Wu Jian Council.
  3240 | D:5      | Became a worshipper of the Wu Jian Council
  3485 | D:6      | Found a staircase to the Ecumenical Temple.
  3774 | D:6      | Found a broken altar of Ashenzari.
  3779 | D:6      | Saw a vision of the Swamp and the Spider Nest.
  3779 | D:6      | Noticed a seven-headed hydra
  3779 | D:6      | Noticed a bunyip
  3779 | D:6      | Noticed a jumping spider
  3779 | D:6      | Noticed a tyrant leech
  3779 | D:6      | Noticed a meliai
  3779 | D:6      | Noticed an eleionoma
  3779 | D:6      | Noticed an entropy weaver
  3779 | D:6      | Noticed a demonic crawler
  3779 | D:6      | Noticed a culicivora
  3780 | D:6      | Noticed a wolf spider
  3780 | D:6      | Noticed a jumping spider
  3780 | D:6      | Noticed an entropy weaver
  3781 | D:6      | Noticed a culicivora
  3781 | D:6      | Noticed a goliath frog
  3781 | D:6      | Noticed a sun moth
  3837 | D:6      | Reached XP level 9. HP: 30/39 MP: 4/21
  3863 | D:6      | Found a glowing drain.
  3867 | Sewer    | Entered a sewer
  3872 | Sewer    | Reached * piety under Wu Jian
  4631 | D:8      | Reached ** piety under Wu Jian
  4679 | D:8      | Found a blossoming altar of Fedhas.
  4681 | D:8      | Noticed a troll
  4684 | D:8      | Killed a troll
  4787 | D:8      | Reached XP level 10. HP: 40/44 MP: 18/24
  4815 | D:8      | Found Ylofeit's Weapon Emporium.
  4863 | D:8      | Reached skill level 10 in Dodging
  5028 | D:9      | Found a staircase to the Orcish Mines.
  5116 | D:9      | Reached *** piety under Wu Jian
  5163 | D:9      | Reached skill level 10 in Hexes
  5186 | D:9      | Noticed a sixfirhy
  5493 | D:9      | Noticed a two-headed ogre
  5517 | D:9      | Killed a two-headed ogre
  5518 | D:9      | Reached skill level 10 in Spellcasting
  5753 | D:10     | Entered Level 10 of the Dungeon
  5765 | D:10     | Reached **** piety under Wu Jian
  5923 | D:10     | You fall into a shaft and drop 1 floor!
  5946 | D:10     | Found Derchenekk's Assorted Antiques.
  5952 | D:10     | Bought a metallic purple potion for 25 gold pieces
  5952 | D:10     | Bought a murky yellow potion for 25 gold pieces
  5952 | D:10     | Bought a scroll labelled RAITECL OBIOZO for 28 gold pieces
  5952 | D:10     | Bought a scroll labelled QESSUE LENY for 28 gold pieces
  5952 | D:10     | Bought a scroll labelled INOUGO NEZA for 28 gold pieces
  6123 | D:10     | Reached XP level 11. HP: 47/47 MP: 8/26
  6209 | D:10     | Found a shimmering blue altar of Sif Muna.
  6226 | D:10     | Reached ***** piety under Wu Jian
  6536 | D:10     | Found a shimmering blue altar of Sif Muna.
  6642 | D:10     | Found a staircase to the Lair.
  6742 | Orc:1    | Entered Level 1 of the Orcish Mines
  6748 | Orc:1    | Reached skill level 1 in Shields
  6946 | Orc:2    | Entered Level 2 of the Orcish Mines
  7030 | Orc:1    | Noticed an orc sorcerer
  7046 | Orc:1    | Killed an orc sorcerer
  7066 | Orc:1    | Found Woxzit's Weapon Shoppe.
  7089 | Orc:1    | Noticed Urug
  7118 | Orc:1    | Killed Urug
  7158 | Orc:1    | Bought a +2 vampiric dagger for 216 gold pieces
  7224 | Orc:1    | Noticed an orc warlord
  7226 | Orc:1    | Noticed an orc knight
  7259 | Orc:1    | Reached skill level 10 in Short Blades
  7389 | Orc:1    | Killed an orc knight
  7414 | Orc:1    | Learned a level 3 spell: Dazzling Flash
  7418 | Orc:1    | Learned a level 3 spell: Tukima's Dance
  7479 | Orc:1    | Killed an orc warlord
  7507 | Orc:1    | Noticed an orc high priest
  7685 | Orc:1    | Noticed a sixfirhy
  7888 | Orc:2    | Noticed an orc high priest
  7996 | Orc:2    | Noticed an orc high priest
  7998 | Orc:2    | Found a staircase to the Elven Halls.
  8012 | Orc:2    | Killed an orc high priest
  8166 | Orc:2    | Noticed a soul eater
  8238 | Orc:2    | Killed an orc high priest
  8239 | Orc:2    | Reached XP level 12. HP: 29/51 MP: 14/28
  8359 | Orc:2    | Reached ****** piety under Wu Jian
  8479 | Orc:2    | Found Qenolase's General Store.
  8500 | Orc:2    | Found Ufyih's General Store.
  8738 | Orc:2    | Bought a scroll of blinking for 105 gold pieces
  8740 | Orc:2    | Bought a scroll of magic mapping for 105 gold pieces
  8740 | Orc:2    | Bought a potion of invisibility for 112 gold pieces
  8903 | Orc:2    | Noticed an orc high priest
  8916 | Orc:2    | Killed an orc high priest
  9109 | Orc:2    | Noticed an orc high priest
  9116 | Orc:2    | Noticed a demonspawn
  9417 | Orc:2    | Noticed a demonspawn
  9495 | Orc:2    | Killed a demonspawn
  9618 | Orc:2    | Noticed an orc high priest
  9652 | Orc:2    | Killed an orc high priest
  9684 | Orc:2    | Killed a demonspawn
  9735 | Orc:2    | Killed an orc high priest
  9737 | Orc:2    | Found Wumopp's Antique Armour Shop.
  9737 | Orc:2    | Found a one-way gate leading to the halls of Pandemonium.
  9737 | Orc:2    | Found Ytag's Book Boutique.
  9741 | Orc:2    | Bought a book of Blood for 336 gold pieces
  9785 | Orc:2    | Bought a potion of mutation for 112 gold pieces
  9785 | Orc:2    | Bought a scroll of blinking for 105 gold pieces
  9787 | Orc:2    | Bought a scroll of torment for 133 gold pieces
  9787 | Orc:2    | Bought a potion of attraction for 42 gold pieces
  9787 | Orc:2    | Bought a potion of magic for 112 gold pieces
  9787 | Orc:2    | Bought a potion of curing for 42 gold pieces
  9927 | Lair:1   | Entered Level 1 of the Lair of Beasts
  9935 | Lair:1   | Reached XP level 13. HP: 41/55 MP: 23/31
  9976 | Lair:1   | Reached skill level 5 in Stealth
 10157 | Lair:1   | Reached skill level 5 in Shields
 10485 | Lair:2   | Reached skill level 6 in Stealth
 10565 | Lair:2   | Reached skill level 7 in Stealth
 10598 | Lair:2   | Noticed Nergalle
 10783 | Lair:2   | Killed Nergalle
 10784 | Lair:2   | Reached skill level 8 in Stealth
 11121 | Lair:2   | Reached skill level 9 in Stealth
 11250 | Lair:3   | Reached skill level 10 in Stealth
 11373 | Lair:3   | HP: 2/55 [something/blast of calcifying dust (3)]
 11542 | Lair:3   | Reached skill level 15 in Dodging
 11609 | Lair:3   | Found a staircase to the Swamp.
 11629 | Lair:3   | Reached skill level 11 in Stealth
 11874 | Lair:3   | Reached skill level 12 in Stealth
 12003 | Lair:3   | Found a snail-covered altar of Cheibriados.
 12011 | Lair:3   | Noticed Sonja
 12050 | Lair:3   | Killed Sonja
 12151 | Lair:3   | Found a hole to the Spider Nest.
 12286 | Lair:4   | Found a runed translucent door.
 12286 | Lair:4   | Found a viscous altar of Jiyva.
 12287 | Lair:4   | Found a staircase to the Slime Pits.
 12345 | Lair:4   | Reached skill level 13 in Stealth
 12407 | Lair:4   | Reached XP level 14. HP: 59/59 MP: 11/32
 12599 | Lair:4   | Reached skill level 14 in Stealth
 12653 | Lair:4   | Learned a level 2 spell: Wereblood
 12698 | Lair:4   | Reached skill level 1 in Transmutations
 12938 | Lair:4   | Reached skill level 15 in Stealth
 13212 | Lair:5   | Entered Level 5 of the Lair of Beasts
 13301 | Lair:5   | Found a runed translucent gate.
 13302 | Lair:5   | Found a runed translucent gate.
 13355 | Lair:5   | Reached skill level 16 in Stealth
 13362 | Lair:5   | Identified a scroll of acquirement
 13363 | Lair:5   | Acquired a +1 cloak of stealth
 13488 | Lair:5   | Reached skill level 5 in Transmutations
 13662 | Lair:5   | Found a runed translucent gate.
 13777 | Lair:5   | Reached skill level 17 in Stealth
 14075 | Lair:5   | Found a dark tunnel.
 14307 | Lair:5   | Reached skill level 18 in Stealth
 14446 | Lair:5   | Noticed Qihymot's ghost (journeyman MiFi)
 14447 | Lair:5   | Noticed Vorghiugo's ghost (journeyman OpAr)
 14447 | Lair:5   | Noticed Qihymot's ghost (journeyman MiFi)
 14448 | Lair:5   | Noticed Vorghiugo's ghost (journeyman OpAr)
 14449 | Lair:5   | Noticed Asuyniq's ghost (journeyman OpFE)
 14450 | Lair:5   | Found the +8 autumn katana {manifold assault}
 14518 | Lair:5   | Killed Qihymot's ghost
 14749 | Lair:5   | Killed Qihymot's ghost
 15023 | Lair:5   | Reached XP level 15. HP: 63/63 MP: 31/33
 15025 | Lair:5   | Reached skill level 19 in Stealth
 15200 | Spider:1 | Entered Level 1 of the Spider Nest
 15273 | Spider:1 | Reached skill level 20 in Stealth
 15373 | Spider:1 | Noticed an emperor scorpion
 15382 | Spider:1 | Killed an emperor scorpion
 15383 | Spider:1 | Reached skill level 21 in Stealth
 15431 | Spider:1 | Noticed an emperor scorpion
 15459 | Spider:1 | Killed an emperor scorpion
 15483 | Spider:1 | Noticed Jorgrun
 15507 | Spider:1 | You fall into a shaft and drop 1 floor!
 15517 | Spider:2 | Found a frozen archway.
 15649 | Spider:2 | HP: 2/63 [wolf spider (20)]
 15702 | Spider:2 | Slain by a spark wasp

Illustrated notes

Levels and vault maps discovered:
D:1:      dpeg_arrival_central, layout_loops_ring
D:2:      layout_loops_corners, hangedman_abyss_or_decor_lesser_grid
D:3:      layout_basic, lemuel_doored_altar, nicolae_overflow_crystal_walls,
          mainiacjoe_overflow_alcove_2, grunt_gozag_statues, feat_on_display
D:4:      layout_basic, nemelex_xobeh_ov_fountains_minmay, minmay_circle_x
D:5:      layout_basic, okawaru_trees_2, mainiacjoe_overflow_large_starburst
D:6:      layout_basic, grunt_ashenzari_visionary
          [grunt_ashenzari_visionary_swamp, grunt_ashenzari_visionary_spider],
          minmay_temple_entry_trees, gup_sewer_entry_bowl
D:7:      minmay_general_purpose_star, layout_loops_ring, kennysheep_nondescript
D:8:      cheibrodos_steamvent, layout_rooms, old_standard_altar, serial_shops,
          nicolae_take_the_stairs, grunt_ministairs_1
D:9:      layout_roguey [special_room_kobold], kennysheep_mini, orc_david_3,
          hangedman_decor_points
D:10:     layout_cave_pools, kennysheep_orc_sif_temple,
          grunt_lair_entry_orc_guard_hut, serial_gnoll_camp,
          gnoll_camp_mini_basic, gnoll_camp_medium_02, gnoll_camp_medium_01,
          gnoll_camp_huts_basic, gnoll_camp_mini_shop,
          gnoll_camp_mini_loothouse, kennysheep_small_circle
D:11:     layout_cross
Lair:1:   layout_long_grid, serial_bayou_shore_a
Lair:2:   layout_regular_city, hangedman_lair_generics_rect, uniq_nergalle
Lair:3:   layout_gridlike, swamp_mist, nicolae_spider_entry_tight_spaces,
          basic_altar, serial_bayou_pond_b, grunt_megastairs_2,
          lemuel_fruit_tree, uniq_sonja
Lair:4:   layout_regular_city, slime_entry_2, nzn_random_ring,
          infiniplex_staircase_pool_2
Lair:5:   grunt_lair_end_beastmaster, layout_cave_pods,
          gammafunk_ghost_cemetery, nicolae_volcano_entry_vermiform,
          grunt_megastairs_5
Spider:1: layout_cave_pods, nicolae_spider_rock_and_or_roll, uniq_jorgrun
Spider:2: layout_spider_delve, portal_ice_cave_entry_pillars_three
Orc:1:    cheibrodos_orc_arena, layout_diamond_mine, serial_shops,
          nicolae_shop_bloodbath_and_beyond, uniq_urug
Orc:2:    pf_orc_diabolical, layout_diamond_mine, bh_open_orc_temple

Skill      XL: |  1  2  3  4  5  6  7  8  9 10 11 12 13 14 15 |
---------------+----------------------------------------------+-----
Dodging        | 3 4 5 6 8 9 11 12 13 15 | 15.1
Spellcasting   | 3 4 5 6 7 9 10 11 13 | 13.0
Hexes          | 4 5 6 8 9 10 12 13 | 13.2
Short Blades   | 2 3 4 5 6 8 9 10 11 13 | 13.5
Shields        | 3 4 5 |  5.0
Stealth        | 13 18 21 | 21.8
Transmutations | 7 8 |  8.7

Action                     |  1- 3 |  4- 6 |  7- 9 | 10-12 | 13-15 || total
---------------------------+-------+-------+-------+-------+-------++-------
  Melee: Dagger            |   105 |   117 |   253 |  1048 |   918 ||  2441
         Punch             |       |     1 |     3 |     8 |       ||    12
         Short sword       |       |       |       |       |    44 ||    44
         Katana            |       |       |       |       |   164 ||   164
   Cast: Ensorcelled Hiber |     7 |    16 |    61 |   209 |   230 ||   523
         Confusing Touch   |       |     2 |    13 |    20 |    42 ||    77
         Tukima's Dance    |       |       |       |     7 |       ||     7
         Dazzling Flash    |       |       |       |    11 |    43 ||    54
         Wereblood         |       |       |       |       |     6 ||     6
 Invoke: Heavenly Storm    |       |       |       |       |     1 ||     1
Ability: Lunge             |       |       |    23 |    95 |    79 ||   197
         Whirlwind         |       |       |       |    43 |   366 ||   409
  Evoke: Wand              |       |       |       |    12 |     6 ||    18
         Box of beasts     |       |       |       |       |     1 ||     1
    Use: Potion            |       |       |       |     8 |     9 ||    17
         Scroll            |       |       |       |    16 |    15 ||    31
   Stab: Sleeping          |    12 |    23 |    53 |   137 |   153 ||   378
         Confused          |       |       |    10 |    12 |    28 ||    50
         Distracted        |       |       |       |     2 |     2 ||     4
         Invisible         |       |       |       |    20 |    26 ||    46
         Petrifying        |       |       |       |       |     2 ||     2
         Petrified         |       |       |       |       |     1 ||     1
 Armour: Robe              |     9 |     7 |     8 |       |       ||    24
         Steam dragon scal |       |       |     4 |    58 |    39 ||   101
         Troll leather arm |       |       |       |       |    16 ||    16
  Dodge: Dodged            |    77 |    70 |   132 |   939 |   853 ||  2071
  Block: Buckler           |       |       |       |    46 |   272 ||   318

Table legend: (Time is in decaauts)
 A = Elapsed time spent in this place.
 B = Non-inter-level travel time spent in this place.
 C = Inter-level travel time spent in this place.
 D = Time resting spent in this place.
 E = Time spent auto-exploring this place.
 F = Levels seen in this place.
 G = Mean time per level.
                   A        B        C        D        E       F      G
               +--------+--------+--------+--------+--------+-----+--------+
         Total |  10226 |   9527 |    699 |    123 |      0 |  21 |  487.0 |
       Dungeon |   4339 |   4026 |    313 |      6 |      0 |  11 |  394.5 |
          Lair |   3494 |   3223 |    271 |     22 |      0 |   5 |  698.8 |
   Spider Nest |    326 |    326 |      0 |     13 |      0 |   2 |  163.0 |
  Orcish Mines |   2018 |   1905 |    113 |     81 |      0 |   2 | 1009.0 |
         Sewer |     48 |     48 |      0 |      0 |      0 |   1 |   48.0 |
               +--------+--------+--------+--------+--------+-----+--------+

Top non-repeatable levels by time:
   Orc:2: 1429 daAuts
  Lair:5: 1231 daAuts
  Lair:3: 699 daAuts
  Lair:4: 675 daAuts
    D:10: 627 daAuts
   Orc:1: 589 daAuts
  Lair:2: 564 daAuts
     D:9: 515 daAuts
     D:4: 508 daAuts
     D:1: 481 daAuts
     D:5: 467 daAuts
     D:2: 427 daAuts
     D:7: 403 daAuts
     D:6: 370 daAuts
  Lair:1: 322 daAuts
